 Dungeon Crawl Stone Soup version 0.17-a0-2220-g6fea741 (webtiles) character file.

706 mrath the Digger (level 7, -6/36 HPs)
             Began as a Gargoyle Earth Elementalist on Oct 28, 2015.
             Incinerated by teron's ghost (8 damage)
             ... with a sticky flame
             ... on level 4 of the Dungeon.
             The game lasted 01:10:40 (7491 turns).

mrath the Digger (Gargoyle Earth Elementalist)      Turns: 7491, Time: 01:10:40

Health: -6/36      AC:  6    Str: 12    XL:     7   Next: 67%
Magic:  8/15       EV: 13    Int: 17    God:
Gold:   239        SH:  0    Dex: 10    Spells: 4 memorised, 6 levels left

rFire  . . .     SeeInvis +     a - 117 stones
rCold  . . .     Clarity  +     b - +0 robe
rNeg   + . .     SustAt   .     (no shield)
rPois  ∞         Gourm    .     (no helmet)
rElec  +         Spirit   .     (no cloak)
rCorr  .         Warding  .     (no gloves)
rMut   .         Stasis   .     (no boots)
MR     .....                    G - amulet of clarity
Stlth  +.........               i - ring of see invisible
                                I - +1 ring of evasion

@: liquid flames, glowing, not resistant to hostile enchantments, very
unstealthy
A: negative energy resistance 1, electricity resistance, unbreathing,
petrification resistance, rot immunity, AC +4
a: no special abilities


You were on level 4 of the Dungeon.
You were not hungry.

You visited 1 branch of the dungeon, and saw 5 of its levels.

You collected 239 gold pieces.

Inventory:

Hand Weapons
 y - a +0 flail
 B - a +0 whip
 F - a +0 trident
Missiles
 a - 117 stones (in hand)
 e - 25 poisoned needles
 s - 25 sling bullets
 H - 8 needles of confusion
Armour
 b - a +0 robe (worn)
Magical Staves
 x - an uncursed staff of conjuration
Jewellery
 i - a ring of see invisible (right hand)
 k - an uncursed ring of protection from fire
 r - an uncursed ring of protection from fire
 C - an uncursed ring of ice
 G - an amulet of clarity (around neck)
 I - a +1 ring of evasion (left hand)
Wands
 u - a wand of heal wounds (3)
Scrolls
 g - a scroll of random uselessness {unknown}
 j - a scroll of fear {unknown}
 m - a scroll of fog
 n - a scroll of teleportation {unknown}
 p - 2 scrolls of amnesia {unknown}
 t - 2 scrolls of magic mapping {unknown}
 v - 5 scrolls of identify {unknown}
 w - 2 scrolls of noise {unknown}
 z - a scroll of enchant armour {unknown}
 E - a scroll of recharging {unknown}
Potions
 f - a potion of cancellation {unknown}
 h - a potion of curing {unknown}
 l - 2 potions of brilliance {unknown}
 q - a potion of mutation {unknown}
 D - a potion of might {unknown}
Books
 c - a book of Geomancy

   Spells                             Type                      Level
   a - Sandblast                      Earth                        1
   b - Stoneskin                      Transmutation/Earth          2
   c - Passwall                       Transmutation/Earth          3
   d - Stone Arrow                    Conjuration/Earth            3
   e - Petrify                        Transmutation/Earth          4
   f - Lee's Rapid Deconstruction     Earth                        5
Comestibles
 d - 2 bread rations
 A - a meat ration
 J - a beef jerky


   Skills:
 - Level 1.5 Dodging
 - Level 2.1 Stealth
 * Level 5.9 Spellcasting
 + Level 3.4 Conjurations
 - Level 0.7 Transmutations
 + Level 6.1 Earth Magic


You had 6 spell levels left.
You knew the following spells:

 Your Spells              Type           Power        Failure   Level  Hunger
a - Sandblast             Erth           ####..       1%          1    None
b - Stoneskin             Trmt/Erth      ###.....     6%          2    None
c - Stone Arrow           Conj/Erth      ###...       8%          3    ##.....
d - Lee's Rapid Deconstr  Erth           ####......   30%         5    #####..


Dungeon Overview and Level Annotations

Branches:
Dungeon (5/15)
 Temple: D:4-7

Altars:
Ashenzari
Makhleb
Xom
Yredelemnul

Annotations:
D:5 teron's ghost, novice HOFE


Innate Abilities, Weirdness & Mutations

You are resistant to torment.
Your stone body is resilient (AC +4).
You are immune to poison.
You resist negative energy.
You are resistant to electric shocks.
You can survive without breathing.
You are immune to petrification.
You are immune to rotting.


Message History

Teron's ghost hits you but does no damage.
The shadow imp hits you.
You are covered in liquid flames!
Teron's ghost hits you but does no damage.
The shadow imp hits you.
* * * LOW HITPOINT WARNING * * *
You climb upwards.
The ghost fades into the shadows.
Teron's ghost disappears!
You are covered in liquid flames!
* * * LOW HITPOINT WARNING * * *
There is a stone staircase leading down here.
Unknown command.
Casting: Sandblast
Confirm with . or Enter, or press ? or * to list all spells.
Aiming: Sandblast
Press: ? - help, Shift-Dir - straight line, f - shadow imp
Aim: a shadow imp The rocky blast hits the shadow imp.
You kill the shadow imp!
You are covered in liquid flames!
You die...

#.#...............
#.###............#
####................#
#...................#
#...................#
#...................+
#..........##.......#
#..........##.#.....#
#...@..........<.....
#.........###.#.#.#..
#.........# #.#.#.#..
###....######.#.#....
#.....'.............
#.....####...#.....#
#.....# #...'.....#
####### #...#.....#
#...#.....#


There were no monsters in sight!

Vanquished Creatures
  2 ogres (D:4)
  A scorpion (D:4)
  A crimson imp (D:5)
  A giant frog zombie (D:5)
  A centaur zombie (D:5)
  2 jellies
  An orc priest (D:3)
  2 worker ants (D:4)
  5 gnolls
  9 adders
  A shadow imp (D:4)
  3 oozes
  3 giant geckos
  15 orcs
  4 giant cockroaches
  7 goblins
  8 hobgoblins
  14 jackals
  A quokka (D:2)
  3 ball pythons (D:1)
  7 bats
  3 giant newts
  9 kobolds
  9 rats
112 creatures vanquished.

Notes
Turn   | Place    | Note
--------------------------------------------------------------
     0 | D:1      | mrath the Gargoyle Earth Elementalist began the quest for the Orb.
     0 | D:1      | Reached XP level 1. HP: 10/10 MP: 3/3
   210 | D:1      | Reached XP level 2. HP: 15/15 MP: 1/5
   393 | D:1      | Learned a level 2 spell: Stoneskin
   462 | D:1      | Reached skill level 4 in Earth Magic
   649 | D:1      | Reached XP level 3. HP: 19/19 MP: 4/7
  1357 | D:1      | Reached XP level 4. HP: 18/24 MP: 6/9
  1513 | D:1      | Learned a level 3 spell: Stone Arrow
  1836 | D:2      | Found a faded altar to an unknown god.
  2410 | D:2      | Found a shattered altar of Ashenzari.
  2938 | D:3      | Found a burning altar of Makhleb.
  2938 | D:3      | Noticed an Executioner
  3139 | D:3      | Reached skill level 1 in Conjurations
  3139 | D:3      | Reached XP level 5. HP: 26/28 MP: 6/10
  4185 | D:3      | Reached skill level 5 in Earth Magic
  4185 | D:3      | Reached XP level 6. HP: 27/32 MP: 8/12
  4343 | D:3      | Found a basalt altar of Yredelemnul.
  4343 | D:3      | Found a shimmering altar of Xom.
  5301 | D:4      | Reached skill level 5 in Spellcasting
  5462 | D:4      | Learned a level 5 spell: Lee's Rapid Deconstruction
  5905 | D:4      | Reached XP level 7. HP: 31/36 MP: 6/14
  6713 | D:5      | Entered Level 5 of the Dungeon
  6797 | D:5      | Reached skill level 6 in Earth Magic
  6904 | D:5      | Noticed teron's ghost (novice HOFE)
  7491 | D:4      | Incinerated by teron's ghost

Vault maps used:
D:1:      scummos_arrival_gate, minivault_23, hangedman_glass_teeth,
          minmay_misc_feat_alley, minmay_shallow_snake_nest
D:2:      ecumenical_altar_2, nicolae_ashenzari_panopticon
D:3:      gammafunk_temple_overflow_elements, makhleb_altar_promises_db
D:4:      first_bread
D:5:      st_stairs_7

Action                   |  1- 3 |  4- 6 |  7- 9 || total
-------------------------+-------+-------+-------++-------
Melee: Short sword       |    33 |    14 |       ||    47
       Spear             |       |    35 |       ||    35
       Flail             |       |    25 |       ||    25
       Trident           |       |     4 |    22 ||    26
Throw: Stone             |       |     1 |       ||     1
 Cast: Sandblast         |    50 |   118 |    50 ||   218
       Stoneskin         |       |     7 |     2 ||     9
       Stone Arrow       |       |     2 |       ||     2
  Use: Scroll            |       |     2 |     1 ||     3
 Stab: Sleeping          |     1 |       |       ||     1
  Eat: Chunk             |     1 |     7 |     2 ||    10
       Bread ration      |       |     2 |       ||     2
       Pizza             |       |     1 |       ||     1
